Map: Orbital Shipyard

Players

Swaghar

  • Race: Protoss Protoss
  • League: Silver

wabbajack - Winner!

  • Race: Zerg Zerg
  • League: Gold

VOD

Have the link to the VOD?

Description

Time

  • Played on: July 19, 2015, 3:46 p.m.
  • Length: 13:26
Show
View Real Time Build Order
Export as new Build Order

Swaghar Protoss 

Build Orders: Nexus First 

Get SALT Encoding   

  12  0:01  Probe  
  13  0:17  Pylon  
  13  0:19  Probe  
  14  0:35  Probe (Chrono Boost)  
  15  0:44  Probe (Chrono Boost)  
  16  1:03  Nexus  
  16  1:16  Gateway  
  17  1:18  Probe  
  17  1:22  Assimilator  
  17  1:24  Assimilator  
  17  1:31  Probe (Chrono Boost)  
  18  1:38  Pylon  
  18  1:43  Probe (Chrono Boost)  
  19  1:53  Probe (Chrono Boost)  
  20  2:00  Probe (Chrono Boost)  
  21  2:04  Cybernetics Core  
  22  2:09  Probe (Chrono Boost)  
  22  2:15  Probe  
  23  2:20  Probe  
  24  2:26  Gateway  
  24  2:32  Probe (Chrono Boost)  
  24  2:34  Probe (Chrono Boost)  
  28  2:46  Probe (Chrono Boost), Warp Gate  
  28  2:47  Probe (Chrono Boost)  
  28  2:52  Adept  
  28  2:55  Mothership Core (Chrono Boost)  
  28  2:57  Probe (Chrono Boost)  
  33  3:09  Probe (Chrono Boost)  
  35  3:13  Probe (Chrono Boost), Adept  
  35  3:15  Probe (Chrono Boost)  
  38  3:23  Probe  
  38  3:25  Pylon  
  38  3:26  Adept  
  41  3:35  Probe (Chrono Boost)  
  41  3:37  Probe (Chrono Boost)  
  43  3:42  Assimilator  
  43  3:44  Pylon  
  43  3:46  Probe (Chrono Boost)  
  43  3:47  Probe (Chrono Boost), Assimilator  
  45  3:52  Probe  
  46  4:04  Nexus  
  46  4:06  Probe  
  47  4:13  Gateway  
  47  4:15  Gateway  
  47  4:17  Robotics Facility  
  47  4:18  Probe  
  48  4:38  Probe x2  
  50  4:50  Probe x2  
  28  5:02  Stalker  
  28  5:04  Adept  
  29  5:22  Probe x2 (Chrono Boost)  
  29  5:23  Probe (Chrono Boost)  
  32  5:32  Probe x3 (Chrono Boost)  
  35  5:36  Adept x2  
  35  5:38  Probe  
  35  5:39  Probe  
  35  5:42  Warp Prism (Chrono Boost)  
  43  5:45  Probe (Chrono Boost)  
  44  5:51  Probe (Chrono Boost)  
  44  5:52  Sentry x2  
  44  5:53  Probe (Chrono Boost)  
  51  5:57  Probe (Chrono Boost)  
  51  6:02  Probe (Chrono Boost)  
  51  6:03  Probe (Chrono Boost)  
  53  6:05  Probe (Chrono Boost)  
  53  6:08  Probe (Chrono Boost)  
  40  6:33  Probe (Chrono Boost)  
  40  6:37  Probe (Chrono Boost)  
  40  6:38  Probe (Chrono Boost)  
  43  6:45  Probe (Chrono Boost)  
  46  6:47  Probe x2 (Chrono Boost)  
  46  6:59  Probe (Chrono Boost)  
  46  7:00  Probe x2 (Chrono Boost)  
  51  7:09  Probe (Chrono Boost)  
  51  7:10  Probe x2 (Chrono Boost)  
  52  7:15  Probe  
  53  7:33  Probe x2  
  55  7:41  Probe  
  56  7:48  Probe  
  56  7:49  Probe  
  58  7:56  Probe  
  59  7:58  Stalker x2  
  59  7:59  Stalker x2  
  59  8:01  Probe  
  59  8:05  Probe  
  69  8:08  Probe  
  70  8:13  Probe  
  70  8:17  Probe  
  72  8:20  Probe, Robotics Bay  
  72  8:24  Pylon  
  73  8:28  Pylon  
  73  8:31  Assimilator  
  73  8:35  Assimilator  
  71  8:50  Probe  
  72  8:57  Probe  
  72  8:58  Stalker x2  
  72  8:59  Stalker x2  
  72  9:00  Probe  
  82  9:05  Probe  
  84  9:10  Probe  
  84  9:18  Gateway  
  84  9:19  Probe  
  84  9:20  Gateway  
  84  9:21  Gateway  
  84  9:23  Gateway  
  85  9:25  Twilight Council, Forge  
  85  9:26  Gateway  
  85  9:27  Probe  
  85  9:28  Probe  
  87  9:32  Stalker  
  87  9:37  Pylon  
  89  9:43  Pylon  
  89  9:45  Pylon  
  89  9:49  Pylon  
  89  9:51  Probe  
  90  9:56  Stalker x2  
  90  9:58  Stalker x2  
  98  10:01  Probe  
  98  10:03  Protoss Ground Weapons Level 1 (Chrono Boost), Blink (Chrono Boost)  
  99  10:12  Probe x2  
  101  10:14  Probe  
  101  10:16  Zealot x3  
  108  10:21  Pylon  
  108  10:22  Zealot  
  108  10:23  Zealot x4  
  121  10:32  Disruptor (Chrono Boost), Pylon x2  
  121  10:47  Stalker  
  121  10:48  Stalker  
  71  11:27  Disruptor  
  71  11:32  Probe  
  72  11:33  Probe  
  73  11:45  Stalker  
  73  11:46  Stalker  
  73  11:47  Stalker x5  
  77  11:48  Stalker x2  
  66  12:17  Stalker x4  
  66  12:18  Stalker x4  
  66  12:19  Stalker  
  84  12:24  Probe  
  84  12:25  Probe  
  86  12:35  Disruptor  
  86  12:36  Probe  
  88  12:37  Probe  
  88  12:38  Probe  
  88  12:44  Sentry  
  91  12:45  Sentry  
  91  12:47  Pylon  
  91  12:49  Probe  
  94  13:03  Pylon  
Show
View Real Time Build Order
Export as new Build Order

wabbajack Zerg - Winner!

Build Orders: Hatch First, Zergling Baneling 

Get SALT Encoding   

  12  0:01  Drone  
  13  0:13  Overlord  
  13  0:18  Drone  
  14  0:32  Drone x2  
  16  0:36  Drone  
  17  0:54  Hatchery  
  16  1:01  Extractor  
  15  1:09  Spawning Pool  
  15  1:10  Drone  
  15  1:13  Drone  
  15  1:17  Drone  
  17  1:28  Drone  
  18  1:48  Drone  
  18  1:49  Overlord  
  19  1:55  Queen  
  21  2:04  Metabolic Boost  
  21  2:07  Queen  
  23  2:09  Zergling x2  
  23  2:13  Drone x2  
  23  2:15  Drone  
  27  2:19  Drone  
  28  2:30  Extractor  
  27  2:40  Pneumatized Carapace  
  27  2:44  Drone x3  
  28  2:49  Drone x2  
  32  2:53  Drone  
  33  3:06  Overlord x2  
  33  3:11  Baneling Nest  
  32  3:17  Zergling x4  
  32  3:18  Zergling x2  
  35  3:21  Zergling x2  
  36  3:28  Zergling x2  
  36  3:29  Zergling x2  
  36  3:33  Zergling x4  
  40  3:42  Drone x7  
  47  3:56  Baneling x2  
  47  3:57  Baneling  
  47  3:58  Baneling  
  47  3:59  Baneling  
  47  4:00  Baneling  
  47  4:02  Baneling  
  47  4:03  Baneling  
  47  4:09  Hatchery  
  46  4:16  Lair  
  46  4:18  Overlord  
  36  4:48  Zergling x14  
  36  4:49  Zergling x18  
  45  5:02  Spine Crawler  
  40  5:42  Queen  
  42  5:45  Overlord x2, Drone  
  42  5:46  Drone x9  
  36  6:48  Roach Warren, Extractor, Drone  
  36  6:49  Drone x15, Hydralisk Den  
  49  7:02  Evolution Chamber  
  48  7:08  Extractor  
  48  7:10  Spine Crawler  
  48  7:11  Spine Crawler  
  48  7:14  Spine Crawler x2  
  48  7:15  Spore Crawler  
  43  7:20  Spine Crawler  
  42  7:24  Spine Crawler  
  42  7:27  Spine Crawler  
  40  7:30  Roach  
  40  7:31  Roach x10  
  62  7:43  Queen  
  62  7:59  Drone x2  
  62  8:00  Drone  
  62  8:04  Drone x2  
  67  8:12  Drone x3  
  70  8:15  Drone x4  
  70  8:17  Overlord x2  
  70  8:18  Overlord x2  
  74  8:29  Zerg Missile Weapons Level 1  
  74  8:53  Drone x3  
  74  8:54  Drone  
  74  8:55  Spore Crawler  
  77  8:57  Drone x4  
  77  8:58  Drone x2  
  77  9:00  Overlord x4, Extractor  
  77  9:01  Extractor  
  81  9:07  Drone  
  81  9:08  Drone x2  
  81  9:09  Drone  
  85  9:14  Drone x3  
  85  9:15  Drone x3  
  85  9:16  Overlord x2  
  91  9:19  Glial Reconstitution  
  91  9:22  Muscular Augments  
  91  9:26  Overseer  
  91  9:32  Zergling x4  
  91  9:34  Zergling x4  
  95  9:44  Hydralisk  
  95  9:45  Hydralisk x7  
  111  9:47  Overlord x3  
  111  10:02  Roach x2  
  111  10:03  Roach x3  
  121  10:11  Evolution Chamber  
  120  10:20  Baneling x3  
  120  10:21  Baneling x2  
  120  10:22  Baneling x3  
  120  10:36  Hydralisk x2  
  120  10:37  Hydralisk x4, Roach x4  
  120  10:38  Roach x3  
  146  10:47  Zergling x2  
  146  10:48  Zergling x24  
  159  10:51  Hatchery  
  136  11:17  Lurker Den  
  115  12:08  Hatchery  
  93  12:21  Hydralisk x4, Roach  
  93  12:22  Hydralisk x6, Roach x5  
  118  12:23  Hydralisk x3, Roach x6  
  118  12:24  Roach x2  
  146  12:46  Zergling x8  
  146  12:47  Zergling x4  
  146  12:48  Zergling x4  
  146  12:49  Overlord x3  
  146  12:50  Overlord  
Tags
 
Add a new tag
Caveats
  • Supply blocks, unpowered buildings, or Contaminate may cause inaccurate times.
  • Supply counts are checked every 10 seconds.